 Dungeon Crawl Stone Soup version 0.18-a0-1773-gec4f98e (webtiles) character file.

37 epen the Slasher (level 3, -1/32 HPs)
             Began as a Naga Gladiator on Apr 14, 2016.
             Slain by a gnoll (4 damage)
             ... on level 2 of the Dungeon.
             The game lasted 00:02:02 (1302 turns).

epen the Slasher (Naga Gladiator)                   Turns: 1302, Time: 00:02:03

Health: -1/32      AC:  3    Str: 18    XL:     3   Next: 41%
Magic:  3/3        EV:  4    Int:  8    God:
Gold:   67         SH:  3    Dex: 11    Spells: 0 memorised, 2 levels left

rFire  . . .     SeeInvis +     a - +0 long sword
rCold  . . .     Gourm    .     b - +0 leather armour
rNeg   . . .     Faith    .     m - +0 buckler
rPois  +         Spirit   .     c - +0 helmet
rElec  .         Dismiss  .     (no cloak)
rCorr  .         Reflect  .     (no gloves)
SustAt .         Harm     .     (no barding)
MR     .....                    (no amulet)
Stlth  +.........               (no ring)
                                (no ring)

@: very slow, not resistant to hostile enchantments, very unstealthy
A: see invisible, deformed body, poison resistance, slowness 2, slow metabolism
1, spit poison 2, AC +1
a: Spit Poison


You were on level 2 of the Dungeon.
You were hungry.

You visited 1 branch of the dungeon, and saw 2 of its levels.

You collected 67 gold pieces.

Inventory:

Hand Weapons
 a - a +0 long sword (weapon)
Missiles
 d - 3 throwing nets (quivered)
Armour
 b - a +0 leather armour (worn)
 c - a +0 helmet (worn)
 m - a +0 buckler (worn)
Scrolls
 h - a scroll of random uselessness {unknown}
 i - a scroll of fear {unknown}
 o - a scroll of teleportation {unknown}
Potions
 e - 2 potions of cancellation {unknown}
 g - a potion of might {unknown}
 k - a potion of resistance {unknown}
 n - a potion of haste {unknown}
Comestibles
 f - a bread ration
 j - a meat ration
 l - 2 fruits


   Skills:
 - Level 2.0 Fighting
 * Level 3.6 Long Blades
 - Level 1.7 Throwing
 * Level 3.1 Dodging


You had 2 spell levels left.
You didn't know any spells.

Dungeon Overview and Level Annotations

Branches:
Dungeon (2/15)

Altars:


Innate Abilities, Weirdness & Mutations

You cannot wear boots.
Your serpentine skin is tough (AC +1).
You have supernaturally acute eyesight.
Armour fits poorly on your strangely shaped body.
Your system is resistant to poisons.
You cover ground very slowly.
You have a slow metabolism.
You can spit poison.


Message History

A gnoll comes into view.
Press: ? - help, Shift-Dir - straight line, f - gnoll
Aim: a gnoll, wielding a spear The splash of poison misses the gnoll. x2; You feel slightly more hungry.
The gnoll shouts!
There is an open door here.
The gnoll hits you from afar with a halberd!
You have got your breath back.
The gnoll hits you from afar with a halberd!
* * * LOW HITPOINT WARNING * * *
A gnoll comes into view.
The gnoll barely misses you. The gnoll hits you.
* * * LOW HITPOINT WARNING * * *
There is an escape hatch in the ceiling here.
You block the gnoll's attack.
The gnoll hits you from afar with a spear.
* * * LOW HITPOINT WARNING * * *
The gnoll hits you.
You die...

#..............
#..................#
+.....>............#
#.g................#
..g#####'#...........#
#####.............#
#......#..........#
.###.#.##.#...g......#
.#.#.#.##....ggg@....#
.#...#.....#.........#
...#########.....#'###
...### #.)...#.#
.....#######...###.####
#.##.#.........# #....#
#.##.#.#..###).# ####.#
#....#.#.......## #
#####..)........#


You could see 4 gnolls.

Vanquished Creatures
  A gnoll (D:2)
  A dart slug (D:1)
  A ball python (D:1)
  3 giant cockroaches
  5 goblins
  3 hobgoblins
  A jackal (D:1)
  2 kobolds
  3 bats
  3 rats (D:1)
23 creatures vanquished.

Notes
Turn   | Place    | Note
--------------------------------------------------------------
     0 | D:1      | epen the Naga Gladiator began the quest for the Orb.
     0 | D:1      | Reached XP level 1. HP: 19/19 MP: 1/1
   167 | D:1      | Reached XP level 2. HP: 21/26 MP: 2/2
   884 | D:2      | Reached XP level 3. HP: 17/32 MP: 3/3
  1302 | D:2      | Slain by a gnoll

Vault maps used:
D:1:      co_arrival_two_rings, minmay_vboxes
D:2:      nicolae_dithmenos_shadow_blocks

Skill      XL: |  1  2  3 |
---------------+----------+-----
Dodging        | 3 |  3.1
Fighting       | |  2.0
Long Blades    | |  3.6
Throwing       | |  1.7

Action                   || total
-------------------------++-------
Melee: Long sword        ||    80
 Abil: Spit Poison       ||     4
Armor: Leather armour    ||    32
Dodge: Dodged            ||    56
Block: Buckler           ||     8
